 Dungeon Crawl Stone Soup version 0.29.0-4-gdea44cf6ec (webtiles) character file.

Game seed: 6191980247621908296

121 qw the Chopper (level 5, -1/30 HPs)
             Began as a Tengu Warper on Aug 28, 2022.
             Slain by an orc warrior
             ... wielding a +0 glaive
              (23 damage)
             ... on level 4 of the Dungeon.
             The game lasted 00:00:21 (3011 turns).

qw the Chopper (Tengu Warper)                       Turns: 3011, Time: 00:00:21

Health: -1/30      AC: 10    Str: 13    XL:     5   Next: 5%
Magic:  9/9        EV:  4    Int: 14    God:
Gold:   132        SH:  0    Dex: 13    Spells: 8/8 levels left

rFire   + . .      SeeInvis .   Y - +0 hand axe
rCold   . . .      Faith    .   (no shield)
rNeg    . . .      Spirit   .   j - +0 plate armour
rPois   .          Reflect  .   (helmet restricted)
rElec   .          Harm     .   (no cloak)
rCorr   .          Rampage  .   (no gloves)
Will    .....                   (boots unavailable)
Stlth   ..........              c - amulet of the acrobat
HPRegen 0.10/turn               b - ring of protection from fire
MPRegen 0.11/turn               (no ring)

@: mighty, flying quickly and evasively, quick
A: beak, talons 3, nimble flight
a: no special abilities


You were on level 4 of the Dungeon.
You visited 1 branch of the dungeon, and saw 4 of its levels.

You collected 132 gold pieces.


Innate Abilities, Weirdness & Mutations

You have a beak for a mouth.
You have claws for feet.
Your magical nature lets you fly swiftly and evasively.


   Skills:
 - Level 2.0 Fighting
 + Level 5.2 Axes
 - Level 1.0 Throwing
 - Level 2.0 Armour
 - Level 2.1 Dodging
 - Level 2.0 Spellcasting
 - Level 2.4 Translocations


You had 8 spell levels left.
You didn't know any spells.
Your spell library contained the following spells:

 Spells                   Type           Power      Damage    Failure   Level
 Blink                    Tloc           16%        N/A       100%        2
 Gell's Gravitas          Tloc           8%         N/A       100%        3
 Lesser Beckoning         Tloc           8%         N/A       100%        3
 Teleport Other           Tloc           8%         N/A       100%        3
 Manifold Assault         Tloc           8%         N/A       100%        5

Inventory:

Hand Weapons
 d - a +0 mace
 Y - a +0 hand axe (weapon)
Missiles
 m - 2 boomerangs (quivered)
Armour
 j - a +0 plate armour (worn)
Jewellery
 b - a ring of protection from fire (left hand)
 c - an amulet of the acrobat (around neck)
Scrolls
 f - 3 scrolls of identify
Potions
 l - a potion of might

Dungeon Overview and Level Annotations

Branches:
Dungeon (4/15)
 Temple: D:4-7

Altars:
Cheibriados


Message History

An orc and a worm come into view.
The orc throws a boomerang.
The boomerang completely misses you.
You see here 13 gold pieces.
You slash the orc!
You kill the orc!
You hit the orc. The orc hits you but does no damage.
You have reached level 5!
Your magical nature develops, letting you fly swiftly and evasively.
You hit the orc.
You kill the orc!
The orc warrior shouts!
You hear a shout!
An orc comes into view. It is wielding a +0 club.
Items here: %% ( ) [.
The orc shouts!
You hear a shout!
The worm closely misses you.
You slash the worm! You claw the worm!
You kill the worm!
The orc warrior barely misses you.
You closely miss the orc warrior. You claw the orc warrior!
The orc warrior is moderately wounded.
You barely miss the orc.
The orc warrior hits you with a +0 glaive!
The orc hits you with a +0 club.
You barely miss the orc warrior.
The orc warrior is moderately wounded.
You hit the orc but do no damage. The orc hits you but does no damage.
The orc warrior hits you with a +0 glaive.
You hit the orc warrior. Your kick misses the orc warrior.
Your peck misses the orc warrior.
The orc warrior is severely wounded.
You closely miss the orc.
The orc warrior hits you with a +0 glaive!
The orc hits you but does no damage.
3011 ||| DRINKING potion of heal wounds.
You feel much better.
The orc warrior hits you with a +0 glaive!!
Ouch! That really hurt!
You die...

##. #..# ##..##..##
#........###
......$....
.......... #..(.....#
#...>..o.###
......o@.).####
.........)$...#
#........#....+
##..##..##..(.#######
#. ##.#............
.. ..#..##.###### .
#..#(........#
#..#.####.##.#
#..#......#<.#


You could see an orc warrior and an orc.

Vanquished Creatures
  3 adders
  A worm (D:4)
  4 dart slugs
  3 orcs
  7 endoplasms
  3 giant cockroaches
  4 goblins
  8 hobgoblins
  3 jackals (D:2)
  6 quokkas
  8 ball pythons
  5 bats
  6 frilled lizards
  7 kobolds
  7 rats
75 creatures vanquished.

Vanquished Creatures (others)
  7 plants (D:1)
7 creatures vanquished.

Grand Total: 82 creatures vanquished

Notes
Turn   | Place    | Note
-------+----------+-------------------------------------------
     0 | D:1      | qw the Tengu Warper began the quest for the Orb.
     0 | D:1      | Reached XP level 1. HP: 12/12 MP: 4/4
     0 | D:1      | 0 ||| qw: Version: 0.1-a-89-g26bdef1
     0 | D:1      | 0 ||| qw: Game counter: 2936
     0 | D:1      | 0 ||| qw: Always use a shield: true
     0 | D:1      | 0 ||| qw: God list: Okawaru
     0 | D:1      | 0 ||| qw: Allow faded altars: false
     0 | D:1      | 0 ||| qw: Do Orc after D:15 true
     0 | D:1      | 0 ||| qw: Do second Lair branch before Depths: true
     0 | D:1      | 0 ||| qw: Lair rune preference: random
     0 | D:1      | 0 ||| qw: Plans: Normal
     0 | D:1      | 0 ||| PLANNING D:1-11
     9 | D:1      | 9 ||| Stepping ~*~*~tactically~*~*~ (stealth).
    80 | D:1      | 80 ||| Stepping ~*~*~tactically~*~*~ (stealth).
    84 | D:1      | 84 ||| Stepping ~*~*~tactically~*~*~ (stealth).
    86 | D:1      | 86 ||| Stepping ~*~*~tactically~*~*~ (stealth).
    96 | D:1      | Reached XP level 2. HP: 17/17 MP: 6/6
   104 | D:1      | Reached skill level 3 in Axes
   190 | D:1      | Found a faded altar of an unknown god.
   268 | D:1      | 268 ||| Stepping ~*~*~tactically~*~*~ (stealth).
   643 | D:1      | Reached XP level 3. HP: 19/21 MP: 7/7
   792 | D:1      | Reached skill level 4 in Axes
   806 | D:1      | 806 ||| Stepping ~*~*~tactically~*~*~ (stealth).
   808 | D:1      | 808 ||| Stepping ~*~*~tactically~*~*~ (stealth).
   815 | D:1      | 815 ||| Stepping ~*~*~tactically~*~*~ (stealth).
  1119 | D:1      | 1119 ||| UPGRADING to +0 plate armour.
  1129 | D:1      | 1129 ||| DROPPING +0 leather armour.
  1130 | D:1      | 1130 ||| READING scroll labelled TUTUGG CEEMUDD.
  1131 | D:1      | 1131 ||| READING scroll labelled FITESA YPOACSA.
  1132 | D:1      | 1132 ||| READING scroll labelled GIFAETZ ZOISHRAS.
  1133 | D:1      | 1133 ||| DROPPING scroll of blinking.
  1254 | D:2      | 1254 ||| Stepping ~*~*~tactically~*~*~ (hiding).
  1256 | D:2      | 1256 ||| Stepping ~*~*~tactically~*~*~ (hiding).
  1518 | D:2      | Reached XP level 4. HP: 26/26 MP: 8/8
  1831 | D:2      | Found a snail-covered altar of Cheibriados.
  1962 | D:2      | 1962 ||| DROPPING ring of wizardry.
  1963 | D:2      | 1963 ||| READING scroll labelled HUWU WAOZEEGA.
  1967 | D:2      | 1967 ||| READING scroll labelled TIAKAZI PIUHA.
  1968 | D:2      | 1968 ||| READING scroll labelled GORAEGU KIEHON.
  1969 | D:2      | 1969 ||| DRINKING 2 bubbling pink potions.
  2070 | D:2      | 2070 ||| DRINKING 2 inky potions.
  2071 | D:2      | 2071 ||| DROPPING potion of ambrosia.
  2072 | D:2      | 2072 ||| DROPPING potion of attraction.
  2169 | D:3      | 2169 ||| Stepping ~*~*~tactically~*~*~ (stealth).
  2221 | D:3      | 2221 ||| Stepping ~*~*~tactically~*~*~ (stealth).
  2520 | D:3      | 2520 ||| Stepping ~*~*~tactically~*~*~ (stealth).
  2521 | D:3      | 2521 ||| Stepping ~*~*~tactically~*~*~ (stealth).
  2533 | D:3      | 2533 ||| Stepping ~*~*~tactically~*~*~ (stealth).
  2545 | D:3      | 2545 ||| Stepping ~*~*~tactically~*~*~ (stealth).
  2547 | D:3      | 2547 ||| Stepping ~*~*~tactically~*~*~ (hiding).
  2548 | D:3      | 2548 ||| Stepping ~*~*~tactically~*~*~ (hiding).
  2808 | D:3      | 2808 ||| UPGRADING to amulet of the acrobat.
  2813 | D:3      | 2813 ||| UPGRADING to ring of protection from fire.
  2814 | D:3      | 2814 ||| READING scroll labelled KUNKOE EFISIELY.
  2961 | D:3      | 2961 ||| DRINKING 2 grey potions.
  2962 | D:3      | 2962 ||| READING 6 scrolls of identify.
  2962 | D:3      | 2962 ||| IDENTIFYING sapphire potion
  2963 | D:3      | 2963 ||| READING 5 scrolls of identify.
  2963 | D:3      | 2963 ||| IDENTIFYING glowing amethyst potion
  2964 | D:3      | 2964 ||| READING 4 scrolls of identify.
  2964 | D:3      | 2964 ||| IDENTIFYING fuming brown potion
  2965 | D:3      | 2965 ||| DROPPING potion of lignification.
  2966 | D:3      | 2966 ||| DROPPING potion of brilliance.
  2985 | D:4      | 2985 ||| Stepping ~*~*~tactically~*~*~ (stealth).
  2986 | D:4      | 2986 ||| Stepping ~*~*~tactically~*~*~ (stealth).
  2990 | D:4      | Reached skill level 5 in Axes
  2993 | D:4      | Noticed an orc warrior
  2993 | D:4      | Noticed a necrophage
  2994 | D:4      | 2994 ||| Stepping ~*~*~tactically~*~*~ (stealth).
  3002 | D:4      | Gained mutation: Your magical nature lets you fly swiftly
                  | and evasively. [Tengu growth]
  3002 | D:4      | Reached XP level 5. HP: 30/30 MP: 9/9
  3010 | D:4      | HP: 2/30 [orc warrior/+0 glaive (11)]
  3011 | D:4      | 3011 ||| DRINKING potion of heal wounds.
  3011 | D:4      | Slain by an orc warrior

Levels and vault maps discovered:
D:1:      wander_arrival_chamber, layout_basic, serial_glass, glass_columns_c,
          glass_columns_a, chequers_ecumenical_altar_island,
          lexackson_kobold_supper
D:2:      layout_basic, basic_altar
D:3:      layout_rooms
D:4:      layout_basic, lemuel_round_altar, st_stairs_5

Skill      XL: |  1  2  3  4 |
---------------+-------------+-----
Axes           | 3 4 5 |  5.2
Armour         | 2 |  2.0
Fighting       | |  2.0
Throwing       | |  1.0
Dodging        | |  2.1
Spellcasting   | |  2.0
Translocations | |  2.4

Action                   |  1- 3 |  4- 6 || total
-------------------------+-------+-------++-------
Melee: Hand axe          |    84 |    56 ||   140
       Kick              |    22 |     9 ||    31
       Peck              |    13 |     9 ||    22
Throw: Boomerang         |    23 |    20 ||    43
       Javelin           |       |     9 ||     9
  Use: Scroll            |     3 |     7 ||    10
       Potion            |       |     4 ||     4
Armor: Leather armour    |    17 |       ||    17
       Plate armour      |     5 |    44 ||    49
Dodge: Dodged            |    37 |     9 ||    46

Table legend:
 A = Non-vault XP
 B = Vault XP
 C = Vault XP percentage of total XP
 D = Non-vault monster count
 E = Vault monster count
 F = Vault count percentage of total count
                 A         B        C        D         E       F
            +---------+---------+-------+---------+---------+-------
      Total |     161 |      13 |   7.5 |      65 |      10 |  13.3
            +---------+---------+-------+---------+---------+-------
        D:1 |      53 |      10 |  15.9 |      30 |       8 |  21.1
        D:2 |      33 |       0 |   0.0 |      17 |       0 |   0.0
        D:3 |      49 |       0 |   0.0 |      13 |       0 |   0.0
        D:4 |      26 |       3 |  10.3 |       5 |       2 |  28.6
            +---------+---------+-------+---------+---------+-------
